 Dungeon Crawl Stone Soup version 0.17-a0-1831-gaadb308 (webtiles) character file.

106277 Kidiri the Tortoise (level 16, -8/100 HPs)
             Began as a Gargoyle Fighter on Sept 14, 2015.
             Was a High Priest of Okawaru.
             Killed by angry trees
             ... awakened by a spriggan druid
              (9 damage)
             ... on level 3 of the Swamp.
             The game lasted 01:48:58 (26513 turns).

Kidiri the Tortoise (Gargoyle Fighter)             Turns: 26513, Time: 01:48:59

Health: -8/100     AC: 45    Str: 25    XL:     16   Next: 43%
Magic:  19/23      EV:  9    Int: 12    God:    Okawaru [*****.]
Gold:   1154       SH: 25    Dex:  9    Spells: 0 memorised, 15 levels left

rFire  . . .     SeeInvis .     L - +1 morningstar (drain)
rCold  . . .     Clarity  .     a - +0 plate armour
rNeg   + . .     SustAt   .     r - +2 large shield
rPois  ∞         Gourm    .     n - +2 helmet {Int+3}
rElec  +         Spirit   .     o - +2 cloak
rCorr  +         Warding  .     v - +2 pair of gloves
rMut   .         Stasis   .     Z - +1 pair of boots
MR     +....                    W - amulet of resist corrosion
Stlth  ..........               J - +3 ring of evasion
                                X - +2 ring of slaying

@: heroism, finesse, very slightly contaminated, somewhat resistant to hostile
enchantments, extremely unstealthy
A: big wings, mutation resistance 2, negative energy resistance 1, electricity
resistance, spit poison 1, weak 1, unbreathing, petrification resistance, no
device heal 1, rot immunity, AC +11
a: Spit Poison, Fly, Heroism, Finesse, Renounce Religion


You were on level 3 of the Swamp.
You worshipped Okawaru.
Okawaru was extremely pleased with you.
You were not hungry.

You visited 4 branches of the dungeon, and saw 24 of its levels.

You collected 1776 gold pieces.
You spent 622 gold pieces at shops.

Inventory:

Hand weapons
 x - a +4 morningstar of protection
 L - a +1 morningstar of draining (weapon)
Armour
 a - a +0 plate armour (worn)
 n - a +2 helmet of intelligence (worn)
 o - a +2 cloak (worn)
 r - a +2 large shield (worn)
 v - a +2 pair of gloves (worn)
 Z - a +1 pair of boots (worn)
Jewellery
 b - an uncursed ring of protection from cold
 j - an uncursed amulet of resist mutation
 J - a +3 ring of evasion (right hand)
 R - an uncursed ring of positive energy
 V - an uncursed ring of positive energy
 W - an amulet of resist corrosion (around neck)
 X - a +2 ring of slaying (left hand)
Magical devices
 p - a wand of disintegration (12)
 y - a wand of paralysis (20)
 z - a wand of enslavement (4)
 K - a wand of disintegration (9)
 M - a wand of hasting (4)
 N - a wand of magic darts (15)
 T - a wand of cold (8)
 U - a wand of teleportation (2)
Scrolls
 c - 3 scrolls of fear
 f - 5 scrolls of teleportation
 q - 2 scrolls of amnesia
 s - 3 scrolls of magic mapping
 A - a scroll of vulnerability
 E - a scroll of summoning
 F - a scroll of recharging
 G - 3 scrolls of immolation
 O - 5 scrolls of remove curse
 P - a scroll of holy word
 Q - 4 scrolls of fog
 S - 2 scrolls of blinking
Potions
 d - 2 potions of might
 e - 2 potions of invisibility
 h - 3 potions of resistance
 k - 6 potions of curing
 l - 2 potions of ambrosia
 t - 3 potions of berserk rage
 u - 3 potions of flight
 w - a potion of brilliance
 C - a potion of lignification
 D - 5 potions of haste
 H - 2 potions of agility
Comestibles
 g - 10 slices of pizza
 i - 12 fruits
 m - 15 bread rations
 B - 3 chunks of flesh
 I - 3 meat rations
 Y - 13 royal jellies


   Skills:
 + Level 11.0(16.0) Fighting
 * Level 13.9(18.9) Maces & Flails
 * Level 15.0(20.0) Armour
 + Level 8.3(13.3) Dodging
 * Level 14.8(19.8) Shields
 + Level 10.4 Invocations


You had 15 spell levels left.
You didn't know any spells.

Dungeon Overview and Level Annotations

Branches:
Dungeon (12/15)            Temple (1/1) D:5            Lair (8/8) D:11
  Swamp (3/4) Lair:4        Snake (0/4) Lair:3        Slime (0/6) Lair:8
    Orc (0/4) D:12

Altars:
Ashenzari
Cheibriados
Dithmenos
Elyvilon
Fedhas
Gozag
Kikubaaqudgha
Makhleb
Nemelex Xobeh
Okawaru
Qazlal
Ru
Sif Muna
Trog
Vehumet
Xom
Yredelemnul
Zin
The Shining One
Jiyva

Shops:
D:5 ?}}([


Innate Abilities, Weirdness & Mutations

You are resistant to torment.
Your stone body is resilient (AC +11).
You are immune to poison.
Your large and strong wings let you fly indefinitely.
You resist negative energy.
You are resistant to electric shocks.
You can survive without breathing.
You are immune to petrification.
You are immune to rotting.
You are somewhat resistant to both further mutation and mutation removal.
You can spit weak poison.
You are weak. (Str -2)
Potions and wands are less effective at restoring your health.


Message History

You hit the thorn hunter but do no damage.
The thorn hunter is severely damaged.
A root smacks you from below.
* * * LOW HITPOINT WARNING * * *
The spriggan druid completely misses you.
The thorn hunter hits you but does no damage. x2
Unknown command.
Read which item? (? for menu, Esc to quit)
Blink to where?
Press: ? - help, Dir - move target cursor You are very lightly contaminated with residual magic.
As you read the scroll of blinking, it crumbles to dust. 2 slime creatures come into view.
The slime creature quivers.
A root smacks you from below.
* * * LOW HITPOINT WARNING * * *
You block the giant leech's attack.
Found 19 stones.
Found a stone staircase leading down.
You are hit by a branch!
You die...

♣≈.....≈≈♣♣♣.♣♣..≈≈≈
≈♣..♣....≈.♣≈≈.♣..≈≈♣≈ ♣
≈≈.≈♣..♣†f....≈≈.≈≈≈≈
♣.≈...≈.≈J♣it....PP..♣..
♣.≈≈♣.≈♣≈≈...≈..≈PP.♣♣♣≈
♣.≈≈♣....≈≈..≈.♣.PP♣♣ ♣.
♣≈≈≈≈..≈≈≈≈....♣.P♣♣ ≈.
♣≈≈.≈≈.w≈≈≈≈≈PPP..♣ ♣.
..J.≈≈.@≈≈≈≈≈P♣PP♣♣ ..
.(....♣..≈≈≈≈≈≈..♣ ≈
....♣ ≈≈≈≈.≈§.. ♣.≈ .♣≈
♣.≈≈♣≈≈.≈≈ ♣..
♣♣≈.≈♣≈≈§≈ ♣≈.♣
♣♣.≈≈♣≈≈.... ♣♣§. >..
≈≈.♣≈.. ♣.≈. ♣.≈≈ ♣♣♣...
♣.§§ ♣..♣♣.≈.


You could see a thorn hunter, an alligator, a giant leech, 2 slime creatures and
a spriggan druid.

Vanquished Creatures
  Nikola (Swamp:1)
  Rupert (Lair:8)
  Aizul (Swamp:1)
  Nessos (Lair:6)
  The ghost of kroki the Severer, a powerful CeBe of Trog (Lair:3)
  Josephine (Swamp:1)
  An ice dragon (Lair:8)
  13 hydras
  The ghost of PeterLawrence the Fighter, an experienced MiFi of Okawaru (D:9)
  A catoblepas (Lair:3)
  Erica (D:8)
  5 alligators
  A centaur warrior (D:12)
  16 death yaks
  A fire crab (Lair:8)
  A hill giant (D:10)
  A shambling mangrove (Swamp:3)
  A wizard (Swamp:1)
  2 lindwurms (Lair:8)
  4 griffons
  An ugly thing (D:12)
  A manticore (D:12)
  30 elephants
  4 hornets
  6 black mambas
  5 torpor snails
  18 spiny frogs
  13 komodo dragons
  3 fire drakes
  A troll (D:12)
  A queen bee (Lair:1)
  4 polar bears
  3 two-headed ogres
  4 giant leeches
  10 slime creatures
  A boulder beetle (Lair:8)
  25 blink frogs
  6 bog bodies
  2 spriggans
  62 yaks
  5 wraiths (Swamp:1)
  2 wyverns
  16 vampire mosquitoes
  2 steam dragons (D:7)
  10 hippogriffs
  3 hungry ghosts
  A human (D:7)
  5 wolves (Lair:7)
  A hog (D:7)
  4 basilisks
  7 insubstantial wisps
  11 swamp worms
  3 nagas (Lair:3)
  A mottled dragon (D:12)
  11 porcupines
  11 water moccasins
  3 phantoms
  3 black bears
  3 sky beasts
  An ice beast (D:10)
  4 swamp drakes
  3 eyes of draining
  5 ogres
  2 orc warriors
  10 wasps
  7 centaurs
  32 crocodiles
  5 brain worms (Lair:8)
  2 wyvern zombies
  19 giant frogs
  7 scorpions
  5 wights (D:10)
  31 killer bees
  A giant frog zombie (D:12)
  A gnoll shaman (D:10)
  12 orc wizards
  7 hounds
  4 crimson imps
  3 centaur skeletons
  7 orc priests
  5 giant frog skeletons
  Crazy Yiuf (D:6)
  5 jellies
  11 iguanas
  2 quasits
  10 worker ants
  2 killer bee zombies
  35 sheep
  A hound zombie (D:8)
  A hound skeleton (D:9)
  A worker ant zombie (D:6)
  11 gnolls
  13 adders
  64 river rats
  4 shadow imps
  2 oozes
  An adder skeleton (D:4)
  17 worms
  2 giant geckos
  31 orcs
  6 bats
  5 giant cockroaches
  10 hobgoblins
  8 jackals
  6 kobolds
  9 quokkas
  4 giant newts
  5 goblins
  A jackal skeleton (D:4)
  A quokka skeleton (D:6)
  22 rats
821 creatures vanquished.

Vanquished Creatures (others)
  4 slime creatures (Swamp:1)
  A wasp (Swamp:1)
  17 fungi
  9 plants
31 creatures vanquished.

Grand Total: 852 creatures vanquished

Notes
Turn   | Place    | Note
--------------------------------------------------------------
     0 | D:1      | Kidiri the Gargoyle Fighter began the quest for the Orb.
     0 | D:1      | Reached XP level 1. HP: 14/14 MP: 1/1
   309 | D:1      | Reached XP level 2. HP: 19/19 MP: 2/2
   679 | D:1      | Reached XP level 3. HP: 23/23 MP: 3/3
   871 | D:2      | Reached skill level 4 in Armour
  1076 | D:2      | Gained mutation: You are clumsy. (Dex -2) [potion of mutation]
  1076 | D:2      | Lost mutation: You are clumsy. (Dex -2) [potion of mutation]
  1076 | D:2      | Gained mutation: Your flesh is cold resistant. [potion of mutation]
  1081 | D:2      | Reached XP level 4. HP: 28/28 MP: 4/4
  1461 | D:2      | Found a shattered altar of Ashenzari.
  1730 | D:2      | You fall through a shaft!
  1873 | D:3      | Reached XP level 5. HP: 24/32 MP: 5/5
  1888 | D:3      | Reached skill level 1 in Dodging
  2877 | D:4      | Reached XP level 6. HP: 17/38 MP: 6/6
  3197 | D:4      | Noticed a phantom
  3236 | D:4      | Killed a phantom
  3236 | D:4      | Reached skill level 5 in Armour
  3236 | D:4      | Reached skill level 5 in Shields
  3469 | D:4      | Noticed a phantom
  3484 | D:4      | Killed a phantom
  3484 | D:4      | Reached XP level 7. HP: 35/43 MP: 7/7
  3972 | D:5      | Entered Level 5 of the Dungeon
  3987 | D:5      | Found Locwuu's Gadget Boutique.
  4032 | D:5      | Found Fopuy's Weapon Shoppe.
  4041 | D:5      | Found Azaowuis's Gadget Shop.
  4076 | D:5      | Found Mutumu's Armour Shop.
  4124 | D:5      | Found an opulent altar of Gozag.
  4182 | D:5      | Found a glowing silver altar of Zin.
  4257 | D:5      | Found Nuedufao's Magic Scroll Emporium.
  4266 | D:5      | Bought a scroll of enchant armour for 90 gold pieces
  4266 | D:5      | Bought a scroll of enchant armour for 90 gold pieces
  4266 | D:5      | Bought a scroll of identify for 24 gold pieces
  4313 | D:5      | Reached skill level 6 in Shields
  4313 | D:5      | Reached XP level 8. HP: 41/48 MP: 8/8
  4399 | D:5      | Found a staircase to the Ecumenical Temple.
  4416 | Temple   | Entered the Ecumenical Temple
  4551 | Temple   | Became a worshipper of Warmaster Okawaru
  4587 | D:5      | Found an opulent altar of Gozag.
  4606 | D:5      | Found a stormy altar of Qazlal.
  4727 | D:5      | Found a sparkling altar of Nemelex Xobeh.
  4872 | D:6      | Reached skill level 5 in Maces & Flails
  4881 | D:6      | Found a sparkling altar of Nemelex Xobeh.
  4896 | D:6      | Reached skill level 1 in Invocations
  5238 | D:6      | Acquired Okawaru's first power
  5334 | D:6      | Reached skill level 5 in Fighting
  5561 | D:6      | Found a blossoming altar of Fedhas.
  5561 | D:6      | Found a shimmering altar of Xom.
  5643 | D:6      | Reached skill level 7 in Armour
  5643 | D:6      | Reached XP level 9. HP: 51/54 MP: 10/10
  6022 | D:6      | Noticed Crazy Yiuf
  6032 | D:6      | Killed Crazy Yiuf
  6500 | D:7      | Found a deep blue altar of Sif Muna.
  6589 | D:7      | Got a blackened chain mail
  6600 | D:7      | Identified the cursed +0 chain mail "Nalumpea" {rF+} (You found it on level 7 of the Dungeon)
  7397 | D:8      | Reached skill level 8 in Armour
  7477 | D:8      | Reached XP level 10. HP: 60/60 MP: 9/12
  7557 | D:8      | Noticed Erica
  7584 | D:8      | Killed Erica
  7830 | D:8      | Found a deep blue altar of Sif Muna.
  8177 | D:8      | Gained mutation: Potions and wands are less effective at restoring your health. [mutagenic meat]
  8178 | D:8      | Gained mutation: You are somewhat resistant to further mutation. [mutagenic meat]
  8179 | D:8      | Gained mutation: You are weak. (Str -2) [mutagenic meat]
  8631 | D:9      | Noticed PeterLawrence's ghost (experienced MiFi)
  8684 | D:9      | Killed PeterLawrence's ghost
  8684 | D:9      | Reached skill level 9 in Armour
  9005 | D:9      | Reached XP level 11. HP: 66/66 MP: 11/14
  9022 | D:9      | Received a gift from Okawaru
  9022 | D:9      | Reached skill level 5 in Invocations
  9070 | D:9      | Found a shadowy altar of Dithmenos.
  9232 | D:9      | Acquired Okawaru's second power
  9710 | D:10     | Entered Level 10 of the Dungeon
  9955 | D:10     | Got a transparent spear
  9956 | D:10     | Identified the +11 spear "Goblinslayer" {freeze, rPois MR- Dex+4 Stlth+} (You found it on level 10 of the Dungeon)
 10781 | D:11     | Reached skill level 5 in Dodging
 10812 | D:11     | Reached skill level 10 in Armour
 10836 | D:11     | Reached skill level 10 in Shields
 10879 | D:11     | Found a staircase to the Lair.
 11450 | D:11     | Got a brightly glowing dagger
 11451 | D:11     | Identified the +8 dagger "Laiqunef" {pierce, rF+ rN+ Int-2} (You found it on level 11 of the Dungeon)
 11879 | Lair:1   | Entered Level 1 of the Lair of Beasts
 11935 | Lair:1   | Received a gift from Okawaru
 11935 | Lair:1   | Reached XP level 12. HP: 72/72 MP: 16/16
 11951 | Lair:1   | Got a translucent cloak {god gift}
 11962 | Lair:1   | Identified the +0 cloak of Pias {rPois} (Okawaru gifted it to you on level 1 of the Lair of Beasts)
 12166 | Lair:1   | Reached skill level 11 in Armour
 13039 | Lair:2   | Reached skill level 10 in Maces & Flails
 13454 | Lair:2   | Got an encrusted ring mail
 13465 | Lair:2   | Identified the cursed +1 ring mail of Qazlal's Delight {MP+9} (You found it on level 2 of the Lair of Beasts)
 13881 | Lair:2   | Received a gift from Okawaru
 14224 | Lair:3   | Noticed a catoblepas
 14233 | Lair:3   | Killed a catoblepas
 14339 | Lair:3   | Noticed kroki's ghost (powerful CeBe)
 14345 | Lair:3   | Reached XP level 13. HP: 69/78 MP: 18/18
 14373 | Lair:3   | Killed kroki's ghost
 14381 | Lair:3   | Reached skill level 12 in Armour
 14739 | Lair:3   | Found a staircase to the Snake Pit.
 14740 | Lair:3   | Found a glowing silver altar of Zin.
 14901 | Lair:3   | Received a gift from Okawaru
 15585 | Lair:4   | Found a staircase to the Swamp.
 15912 | Lair:3   | Received a gift from Okawaru
 17146 | Lair:5   | Gained mutation: Your large and strong wings let you fly indefinitely. [Gargoyle growth]
 17146 | Lair:5   | Reached XP level 14. HP: 68/86 MP: 20/20
 18033 | Lair:5   | Reached skill level 13 in Armour
 18727 | Lair:6   | Received a gift from Okawaru
 18834 | Lair:6   | Noticed Nessos
 18854 | Lair:6   | Killed Nessos
 19868 | Lair:7   | Received a gift from Okawaru
 20322 | Lair:7   | Reached skill level 10 in Fighting
 20358 | Lair:7   | Reached XP level 15. HP: 86/92 MP: 16/21
 20843 | Lair:8   | Entered Level 8 of the Lair of Beasts
 20946 | Lair:8   | Found a staircase to the Slime Pits.
 20950 | Lair:8   | Found a viscous altar of Jiyva.
 21035 | Lair:8   | Reached skill level 14 in Armour
 21149 | Lair:8   | Noticed Rupert
 21188 | Lair:8   | Killed Rupert
 21934 | Lair:8   | Found a runed door.
 22432 | D:10     | Noticed a hill giant
 22440 | D:10     | Killed a hill giant
 22606 | D:5      | Bought a +2 helmet of intelligence for 322 gold pieces
 22682 | D:5      | Bought a scroll of identify for 24 gold pieces
 22682 | D:5      | Bought a scroll of identify for 24 gold pieces
 22682 | D:5      | Bought a scroll of identify for 24 gold pieces
 22682 | D:5      | Bought a scroll of identify for 24 gold pieces
 22951 | D:12     | Gained mutation: You are somewhat resistant to both further mutation and mutation removal. [mutagenic meat]
 22952 | D:12     | Lost mutation: Your flesh is cold resistant. [mutagenic meat]
 23004 | D:12     | Found a staircase to the Orcish Mines.
 23801 | Swamp:1  | Entered Level 1 of the Swamp
 23845 | Swamp:1  | Noticed Nikola
 23883 | Swamp:1  | Noticed Aizul
 23889 | Swamp:1  | Killed Nikola
 23918 | Swamp:1  | Killed Aizul
 23936 | Swamp:1  | Reached skill level 10 in Invocations
 24025 | Swamp:1  | Gained mutation: You can spit weak poison. [potion of mutation]
 24651 | Swamp:1  | Reached XP level 16. HP: 84/99 MP: 23/23
 24951 | Swamp:2  | Received a gift from Okawaru
 24952 | Swamp:2  | Got a crystal great mace {god gift}
 24959 | Swamp:2  | Identified the +8 great mace of the Whale {crush, Int+3} (Okawaru gifted it to you on level 2 of the Swamp)
 25986 | Swamp:1  | Noticed Josephine
 25994 | Swamp:1  | Killed Josephine
 25994 | Swamp:1  | Reached skill level 15 in Armour
 26181 | Swamp:3  | Received a gift from Okawaru
 26489 | Swamp:3  | Noticed a thorn hunter
 26512 | Swamp:3  | HP: 1/100 [spriggan druid/angry trees (6)]
 26513 | Swamp:3  | Killed from afar by a spriggan druid

Vault maps used:
D:1:      dpeg_arrival_line_fractal
D:2:      nicolae_ashenzari_panopticon
D:3:      minmay_rat_hole
D:4:      first_bread
D:5:      zin_treasury, nicolae_gozag_cash_rules_everything_around_me,
          nicolae_qazlal_general_emergency,
          minmay_temple_entry_statues_fountains, basic_altar, serial_shops,
          shop, shop, shop_statue, nicolae_shop_competitors_out_of_business,
          shop, kennysheep_minor_cross, nemelex_dance_club_becter
D:6:      gammafunk_temple_overflow_elements, nemelex_deck,
          uniq_crazy_yiuf_cottage
D:7:      kennysheep_steamy, basic_altar, grunt_livestock
D:8:      led_sif_pool, minmay_bad_closet, uniq_erica
D:9:      grunt_dithmenos_shadows
D:11:     minmay_lair_entry_grove
D:12:     orc_0_dummy, hangedman_abyss_or_decor_stagger
Temple:   circular_temple_12
Lair:3:   minmay_snake_entry_guardpost_small, basic_altar
Lair:4:   swamp_mist, grunt_megastairs_3
Lair:5:   serial_bayou_pond_b, fungi_pond_lemuel, st_stairs_11,
          infiniplex_staircase_pool_2
Lair:6:   grunt_megastairs_2, uniq_nessos
Lair:8:   wormcave, slime_altar_1, uniq_rupert
Swamp:1:  evilmike_swamp_ruin_house_5, swamp_pool1, grunt_witch_cave,
          uniq_nikola, uniq_josephine, uniq_aizul
Swamp:2:  evilmike_swamp_ruin_house_3
Swamp:3:  hangedman_swamp_cone

Action                   |  1- 3 |  4- 6 |  7- 9 | 10-12 | 13-15 | 16-18 || total
-------------------------+-------+-------+-------+-------+-------+-------++-------
Melee: Flail             |    86 |   233 |   268 |  1301 |   168 |       ||  2056
       Morningstar       |       |       |   149 |       |  1863 |   367 ||  2379
       Dagger            |       |       |       |    41 |       |       ||    41
Throw: Javelin           |       |       |       |     2 |       |       ||     2
Invok: Heroism           |       |       |     4 |    18 |    32 |     3 ||    57
       Finesse           |       |       |       |       |    17 |     3 ||    20
 Abil: Fly               |       |       |       |       |     1 |       ||     1
  Use: Scroll            |     6 |     8 |     7 |     6 |    15 |     2 ||    44
       Potion            |     1 |       |       |     2 |    13 |       ||    16
  Eat: Chunk             |     1 |     2 |     8 |    22 |    27 |       ||    60
       Bread ration      |       |     1 |       |       |       |       ||     1
       Meat ration       |       |     1 |       |     1 |     4 |     1 ||     7
       Beef jerky        |       |       |     1 |     2 |     2 |       ||     5
       Pizza             |       |       |     1 |       |       |       ||     1
       Fruit             |       |       |       |       |     1 |       ||     1
